 Dungeon Crawl Stone Soup version 0.21-a0-70-g32e1473 (console) character file.

285 removed the Poker (level 6, -2/47 HPs)
             Began as a Demonspawn Monk on June 18, 2017.
             Was a Follower of Uskayaw.
             Slain by Dowan
             ... wielding a +0 dagger
              (3 damage)
             ... on level 3 of the Dungeon.
             The game lasted 00:11:52 (3658 turns).

removed the Poker (Demonspawn Monk)                 Turns: 3658, Time: 00:11:53

Health: -2/47      AC:  7    Str: 10 (11) XL:     6   Next: 7%
Magic:  3/6        EV: 13    Int:  8 (11) God:    Uskayaw [*.....]
Gold:   251        SH:  0    Dex: 22      Spells: 5/5 levels left

rFire    + . .     SeeInvis .   a - +0 spear
rCold    + + .     Gourm    .   (no shield)
rNeg     . . .     Faith    .   C - +0 leather armour {rPois}
rPois    +         Spirit   .   (helmet restricted)
rElec    +         Reflect  .   (no cloak)
rCorr    +         Harm     .   z - +0 pair of gloves
MR       .....                  x - +2 pair of boots
Stlth    +.........             u - amulet of regeneration
HPRegen  0.55/turn              F - +4 ring of dexterity
MPRegen  0.10/turn              (no ring)

@: resistant, glowing
A: claws 1, horns 1, cold resistance 1, poison resistance, evolution 1
a: Stomp, Renounce Religion


You were on level 3 of the Dungeon.
You worshipped Uskayaw.
Uskayaw was noncommittal.
You were very hungry.

You visited 1 branch of the dungeon, and saw 4 of its levels.

You collected 251 gold pieces.

Inventory:

Hand Weapons
 a - a +0 spear (weapon)
Armour
 b - a +0 robe
 k - a +0 chain mail
 q - a +0 helmet
 x - a +2 pair of boots (worn)
 z - a +0 pair of gloves (worn)
 C - a +0 leather armour of poison resistance (worn)
Jewellery
 u - an amulet of regeneration (around neck)
 F - a +4 ring of dexterity (left hand)
Wands
 y - a wand of random effects (23/48)
Scrolls
 f - a scroll of enchant armour {unknown}
 r - 4 scrolls of fog {unknown}
 s - a scroll of enchant weapon {unknown}
 B - 2 scrolls of identify {unknown}
 G - a scroll of random uselessness {unknown}
Potions
 j - a potion of agility {unknown}
 m - a potion of resistance
 n - a potion of brilliance {unknown}
 o - a potion of flight
 E - a potion of haste {unknown}
Comestibles
 c - 3 bread rations
 g - 3 fruits
 v - 3 meat rations
 A - 3 royal jellies


   Skills:
 - Level 3.0 Fighting
 - Level 5.2 Polearms
 - Level 2.6 Dodging
 - Level 1.7 Stealth
 + Level 3.0 Unarmed Combat


You had 5 spell levels left.
You didn't know any spells.

Dungeon Overview and Level Annotations

Branches:
Dungeon (4/15)             Temple (0/1) D:4

Altars:
Fedhas
Nemelex Xobeh
Qazlal
Uskayaw
Vehumet
Yredelemnul

Annotations:
D:1 exclusion: downstairs
D:3 Dowan, Duvessa


Innate Abilities, Weirdness & Mutations

You have sharp fingernails.
Your flesh is cold resistant. (rC+)
You have a pair of small horns on your head.
Your system is resistant to poisons. (rPois)
You evolve.


Message History

Dowan hits you but does no damage. Duvessa hits you with a short sword!
* * * LOW HITPOINT WARNING * * *
You climb upwards.
There is a stone staircase leading down here.
Okay, then.
It was a potion of resistance.
You feel protected.
The frilled lizard bites you but does no damage.
Duvessa misses you. Dowan barely misses you.
It was a potion of mutation.
You feel extremely strange. A pair of horns grows on your head!
Your +0 helmet falls away!
You feel nature experimenting on you.
Don't worry, failures die fast.
You feel resistant to poisons. Duvessa barely misses you.
The frilled lizard completely misses you.
Duvessa hits you with a short sword.
* * * LOW HITPOINT WARNING * * *
Dowan hits you with a dagger.
You die...

....# #..#.##........#.#........
....# ##...##...###..#.#..##..##
....# ##........#...#.#..#...#
....# #....................(#
#..#######.....[.............###
##....)...................####
########.........#...#...# ##
######.........le.#...#...# ##.
...............e@......#### #..
.#.................###.# ##.#
...####..#........####.### #..#
#### ###............##...## #.##
######......##.......###..####.#
#......###....)........(..()(..#
..###......#.....(....##...#####
..[[..######..........#...)###
..##### ##...........##...##


You could see Duvessa, Dowan and a frilled lizard.

Vanquished Creatures
  A gnoll shaman (D:3)
  An orc priest (D:4)
  Robin (D:2)
  6 gnolls
  3 adders
  An ooze (D:1)
  2 worms (D:2)
  3 dart slugs
  4 leopard geckos
  8 orcs
  2 ball pythons
  8 bats
  6 giant cockroaches
  10 goblins
  15 hobgoblins
  6 jackals (D:1)
  A quokka (D:4)
  5 frilled lizards
  7 kobolds
  A leopard gecko skeleton (D:4)
  10 rats
101 creatures vanquished.

Notes
Turn   | Place    | Note
-------+----------+-------------------------------------------
     0 | D:1      | removed the Demonspawn Monk began the quest for the Orb.
     0 | D:1      | Reached XP level 1. HP: 18/18 MP: 1/1
    29 | D:1      | Reached skill level 3 in Polearms
   317 | D:1      | Gained mutation: Your flesh is cold resistant. (rC+) [demonic ancestry]
   317 | D:1      | Reached XP level 2. HP: 24/24 MP: 2/2
   892 | D:1      | Reached XP level 3. HP: 25/29 MP: 3/3
  1082 | D:2      | Found a basalt altar of Yredelemnul.
  1110 | D:2      | Reached skill level 4 in Polearms
  1379 | D:2      | Noticed Robin
  1630 | D:1      | Reached XP level 4. HP: 35/35 MP: 4/4
  1680 | D:2      | Killed Robin
  1860 | D:2      | Found a sparkling altar of Nemelex Xobeh.
  2150 | D:3      | Found a blossoming altar of Fedhas.
  2281 | D:3      | Found a stormy altar of Qazlal.
  2432 | D:3      | Reached skill level 5 in Polearms
  2770 | D:3      | Gained mutation: You have sharp fingernails. [demonic ancestry]
  2770 | D:3      | Reached XP level 5. HP: 41/41 MP: 5/5
  2804 | D:3      | Found a radiant altar of Vehumet.
  2833 | D:3      | Reached skill level 1 in Unarmed Combat
  2924 | D:4      | Noticed a dagger
  3020 | D:4      | Noticed a hand axe
  3023 | D:4      | Found a hide-covered altar of Uskayaw.
  3038 | D:4      | Became a worshipper of Uskayaw the Reveler
  3038 | D:4      | Reached * piety under Uskayaw
  3071 | D:4      | Reached ** piety under Uskayaw
  3342 | D:3      | Reached XP level 6. HP: 42/47 MP: 6/6
  3428 | D:4      | Found a staircase to the Ecumenical Temple.
  3493 | D:4      | Noticed Duvessa
  3495 | D:4      | Noticed Dowan
  3655 | D:4      | HP: 1/47 [Duvessa/short sword (7)]
  3658 | D:3      | Gained mutation: You have a pair of small horns on your head. [potion of mutation]
  3658 | D:3      | Gained mutation: You evolve. [potion of mutation]
  3658 | D:3      | Gained mutation: Your system is resistant to poisons. (rPois) [potion of mutation]
  3658 | D:3      | Slain by Dowan

Vault maps used:
D:1:      minmay_arrival_diagonal_passages, minmay_misc_feat_plants
D:2:      yredelemnul_altar_generic, nemelex_altar_shiori, uniq_robin
D:3:      old_standard_altar, lemuel_crystal_altar, vehumet_crystals,
          first_bread
D:4:      dancing_weapons_uskayaw, temple_fountains, uniq_duvessa

Skill      XL: |  1  2  3  4  5  6 |
---------------+-------------------+-----
Polearms       | 3 4 5 |  5.2
Unarmed Combat | 2 3 |  3.0
Fighting       | |  3.0
Dodging        | |  2.6
Stealth        | |  1.7

Action                   |  1- 3 |  4- 6 || total
-------------------------+-------+-------++-------
Melee: Spear             |   170 |   388 ||   558
       Punch             |       |     5 ||     5
Invok: Stomp             |       |     3 ||     3
       Line Pass         |       |     1 ||     1
Evoke: Wand              |       |     4 ||     4
  Use: Potion            |       |     5 ||     5
 Stab: Sleeping          |     3 |     4 ||     7
       Confused          |       |     2 ||     2
  Eat: Chunk             |     2 |     6 ||     8
       Fruit             |       |     1 ||     1
Armor: Robe              |     3 |       ||     3
       Chain mail        |    79 |    74 ||   153
       Leather armour    |       |    71 ||    71
Dodge: Dodged            |    65 |   152 ||   217
